 Seeded DCSS version 0.29.1-1-gd02db6906a (webtiles) character file.

Game seed: 16501082810540253298 (custom seed)

106 RascalDebosk the Magician (level 5, -1/38 HPs)
             Began as a Djinni Conjurer on Oct 13, 2022.
             Slain by an adder (2 damage)
             ... on level 3 of the Dungeon.
             The game lasted 00:17:57 (3289 turns).

RascalDebosk the Magician (Djinni Conjurer)         Turns: 3289, Time: 00:17:58

Health: -1/38      AC:  3    Str: 12    XL:     5   Next: 10%
Gold:   143        EV: 11    Int: 22    God:
                   SH:  0    Dex: 11

rFire   + + .      SeeInvis .   k - +2 dagger (elec)
rCold   x . .      Faith    .   (no shield)
rNeg    . . .      Spirit   .   q - +0 leather armour
rPois   ∞          Reflect  .   (no helmet)
rElec   .          Harm     .   (no cloak)
rCorr   .          Rampage  .   (no gloves)
Will    .....                   (boots unavailable)
Stlth   +.........              (no amulet)
HPRegen 0.12/turn               c - +6 ring of strength
MPRegen 0.00/turn               (no ring)

@: flying
A: sickness immunity, fire resistance 2, cold vulnerability 1, float, innate
caster, HP casting, extra vitality 1
a: no special abilities


You were on level 3 of the Dungeon.
You visited 1 branch of the dungeon, and saw 3 of its levels.

You collected 143 gold pieces.

Inventory:

Hand Weapons
 k - a +2 dagger of electrocution (weapon)
 s - a +0 dagger
Missiles
 b - 2 throwing nets {@!f}
Armour
 a - a +0 robe
 q - a +0 leather armour (worn)
Jewellery
 c - a +6 ring of strength (left hand)
 l - a ring of protection from cold
Scrolls
 d - a scroll of poison {unknown}
 e - 5 scrolls of teleportation {unknown}
 f - a scroll of enchant armour {unknown}
 h - 2 scrolls of identify {unknown}
 i - 2 scrolls of amnesia {unknown}
 o - 2 scrolls of magic mapping {unknown}
Potions
 g - a potion of invisibility {unknown}
 j - a potion of curing {unknown}
 m - 2 potions of might {unknown}
 n - a potion of heal wounds {unknown}
 p - a potion of resistance {unknown}
 r - a potion of magic {unknown}


   Skills:
 + Level 1.9 Fighting
 + Level 1.7 Armour
 - Level 2.1 Dodging
 - Level 1.5 Stealth
 * Level 3.7 Spellcasting
 - Level 2.0 Evocations


You couldn't memorise any spells.
You knew the following spells:

 Your Spells              Type           Power      Damage    Failure   Level
a - Magic Dart            Conj           80%        1d7       3%          1
b - Searing Ray           Conj           40%        2d5       4%          2
c - Dazzling Flash        Conj/Hex       40%        N/A       10%         3
d - Fulminant Prism       Conj/Hex       10%        3d9       32%         4
e - Iskenderun's Mystic   Conj/Tloc      20%        2d6       32%         4
f - Apportation           Tloc           40%        N/A       3%          1
g - Ensorcelled Hibernat  Hex/Ice        40%        N/A       4%          2
Your spell library was empty.

Dungeon Overview and Level Annotations

Branches:
Dungeon (3/15)

Altars:


Innate Abilities, Weirdness & Mutations

You are immune to sickness and miasma.
You are immune to poison.
Your flesh is very heat resistant. (rF++)
You are vulnerable to cold. (rC-)
You float through the air rather than walking.
You learn spells naturally, not from books.
Your magical power is your life essence.
You have superior vitality. (+4 MHP)


Message History

Casting: Magic Dart (safe; 3% risk of failure)
Confirm with . or Enter, or press ? or * to list all spells.
The spell is extremely dangerous to miscast (32% risk of failure)!
Continue anyway?
Aiming: Fulminant Prism (extremely dangerous; 32% risk of failure)
Press: ? - help, Dir - move target You conjure a prism of explosive energy!
A fulminant prism comes into view.
Your fulminant prism crackles loudly.
Casting: Fulminant Prism (extremely dangerous; 32% risk of failure)
Confirm with . or Enter, or press ? or * to list all spells.
The spell is extremely dangerous to miscast (32% risk of failure)!
Continue anyway?
Aiming: Fulminant Prism (extremely dangerous; 32% risk of failure)
Press: ? - help, Dir - move target You conjure a prism of explosive energy!
A fulminant prism comes into view.
Your fulminant prism explodes!
The blast of energy engulfs the worm!
The worm is heavily wounded.
You hear a shout!
You hear an angry hiss. x2
A giant cockroach comes into view.
A bat comes into view.
Your fulminant prism crackles loudly.
A hobgoblin comes into view.
Your fulminant prism explodes!
The blast of energy engulfs you!
* * * LOW HITPOINT WARNING * * *
The blast of energy engulfs the worm!
You kill the worm!
You hear an angry hiss.
You have reached level 5!
The power to cast Ensorcelled Hibernation wells up from within.
Spell assigned to 'g'.
An adder comes into view.
An endoplasm comes into view.
Found 7 gold pieces.
The bat closely misses you.
A bat comes into view.
The endoplasm moves out of view.
Aiming: Magic Dart (safe; 3% risk of failure)
Press: ? - help, Q - select action, (/) - cycle Shift-Dir - straight line, f - bat
Aim: a bat (100% to hit)
The magic dart hits the bat.
You kill the bat!
* * * LOW HITPOINT WARNING * * *
Casting: Magic Dart (safe; 3% risk of failure)
Confirm with . or Enter, or press ? or * to list all spells.
Aiming: Searing Ray (safe; 4% risk of failure)
Press: ? - help, Shift-Dir - straight line, f - giant cockroach
Aim: a giant cockroach (78% to hit)
The searing ray misses the giant cockroach.
The searing ray hits the hobgoblin!
You kill the hobgoblin! (Press . to maintain the ray.)
* * * LOW HITPOINT WARNING * * *
The giant cockroach waves its antennae.
The searing ray hits the giant cockroach.
The giant cockroach is almost dead.
* * * LOW HITPOINT WARNING * * *
The bat barely misses you. The giant cockroach closely misses you.
The searing ray hits the giant cockroach!
You kill the giant cockroach!
* * * LOW HITPOINT WARNING * * *
The bat barely misses you.
Casting: Searing Ray (safe; 4% risk of failure)
Confirm with . or Enter, or press ? or * to list all spells.
Aiming: Ensorcelled Hibernation (safe; 4% risk of failure)
Press: ? - help, Shift-Dir - straight line, f - bat
Aim: a bat (chance to affect: 70%)
The bat struggles to resist.
* * * LOW HITPOINT WARNING * * *
The bat completely misses you.
You hit the bat. Lightning courses through the bat!
You kill the bat!
Casting: Ensorcelled Hibernation (safe; 4% risk of failure)
Confirm with . or Enter, or press ? or * to list all spells.
Aiming: Searing Ray (safe; 4% risk of failure)
Press: ? - help, Shift-Dir - straight line, f - endoplasm
Aim: an endoplasm (98% to hit)
The searing ray hits the endoplasm.
The endoplasm is almost dead. (Press . to maintain the ray.)
* * * LOW HITPOINT WARNING * * *
Something unseen opens the door.
The endoplasm misses you.
A dart slug and a quokka come into view.
The searing ray hits the endoplasm.
You kill the endoplasm!
* * * LOW HITPOINT WARNING * * *
The adder bites you.
* * * LOW HITPOINT WARNING * * *
A kobold comes into view. It is wielding a +0 whip.
The quokka moves out of view.
You hit the adder.
The adder is moderately wounded.
The adder barely misses you. x2
You hit the adder.
The adder is almost dead.
An adder comes into view.
The adder barely misses you.
You barely miss the adder.
The adder is almost dead.
The adder bites you.
You die...

#.# #.# .. #.#
###.###.#####.##..#..$
........')..#'#...#..
###.##..##..÷.....#' #
#.###.###........##
###.#
#.#.#.......†.####
....#
#.#.'#...#.......+
.#### #.#.#.....[S..#
.. ..###.....@K.# #.
#.##........#'w..#
#.+...#'#...# .S#
#.#####.##..# #
#..#...##.#
##......#.# ########+#


You could see 2 adders, a dart slug and a kobold.

Vanquished Creatures
  3 adders
  2 worms
  2 dart slugs
  An orc (D:3)
  6 bats
  5 endoplasms
  7 giant cockroaches
  4 goblins
  3 hobgoblins
  6 jackals (D:1)
  7 kobolds
  4 quokkas
  2 ball pythons
  6 frilled lizards
  6 rats
64 creatures vanquished.

Vanquished Creatures (others)
  2 fulminant prisms (D:3)
2 creatures vanquished.

Grand Total: 66 creatures vanquished

Notes
Turn   | Place    | Note
-------+----------+-------------------------------------------
     0 | D:1      | RascalDebosk the Djinni Conjurer began the quest for the
                  | Orb.
     0 | D:1      | RascalDebosk set off with the following spells memorised:
                  | Magic Dart, Searing Ray, Dazzling Flash, Fulminant Prism,
                  | Iskenderun's Mystic Blast.
     0 | D:1      | Reached XP level 1. HP: 15/15 MP: 0/0
   580 | D:1      | Reached XP level 2. HP: 18/22 MP: 0/0
   888 | D:1      | Reached skill level 1 in Fighting
   888 | D:1      | Reached skill level 1 in Evocations
   961 | D:1      | Reached skill level 1 in Armour
   961 | D:1      | Reached XP level 3. HP: 25/27 MP: 0/0
   961 | D:1      | Learned a level 1 spell: Apportation
  2016 | D:2      | Reached XP level 4. HP: 21/32 MP: 0/0
  3277 | D:3      | Reached XP level 5. HP: 14/38 MP: 0/0
  3277 | D:3      | Learned a level 2 spell: Ensorcelled Hibernation
  3286 | D:3      | HP: 1/38 [adder (4)]
  3289 | D:3      | Slain by an adder

Illustrated notes

Levels and vault maps discovered:
D:1:      dpeg_cavernosity, layout_basic, minmay_misc_feat_chi,
          minmay_misc_feat_pillars
D:2:      layout_loops_ring, kennysheep_generic_room_8
D:3:      layout_basic, minmay_pentangle

Skill      XL: |  1  2  3  4 |
---------------+-------------+-----
Fighting       | 1 |  1.9
Evocations     | 1 2 |  2.0
Armour         | 1 |  1.7
Dodging        | |  2.1
Stealth        | |  1.5
Spellcasting   | |  3.7

Action                   |  1- 3 |  4- 6 || total
-------------------------+-------+-------++-------
Melee: Dagger            |    13 |    34 ||    47
       Unarmed           |     1 |       ||     1
 Cast: Magic Dart        |    57 |    28 ||    85
       Searing Ray       |     2 |     4 ||     6
       Apportation       |     2 |       ||     2
       Fulminant Prism   |       |     2 ||     2
       Ensorcelled Hiber |       |     1 ||     1
 Stab: Sleeping          |     2 |     2 ||     4
Armor: Robe              |     2 |       ||     2
       Leather armour    |       |     8 ||     8
Dodge: Dodged            |     9 |    21 ||    30
